AoeStats
← [ KOF ] M. Kowalski

Arena

507783623Analyzed
2v2 RM · 11d ago on Sep 19, 2026· 20m 53s· 4 players
Game mode
Random Map
Map size
Medium (4 player)
Population
200
Speed
Normal
Resources
Standard
Victory
Conquest
Starting age
Dark Age
Ending age
Imperial Age
RankedLock teamsTeams togetherTeam positionsShared explorationLock speedFull tech treeHidden civsTurbo modeCheats
Victory
Defeat
🇺🇸 Magyars · United States
1407
+16
🇺🇸 Malians · United States
1402
+16
🇲🇽 Franks · Mexico
1439
-18
🇦🇷 Muisca · Argentina
1358
-14
[ KOF ] M. Kowalski
12:11 Feudal Age
13:07 Loom
16:17 Castle Age
14:36 Double-Bit Axe
14:50 Stone Mining
14:57 Gold Mining
15:50 Horse Collar
16:05 Town Watch
17:57 Wheelbarrow
~KOF~Legonas
9:56 Feudal Age
12:03 Loom
14:57 Castle Age
13:13 Double-Bit Axe
14:03 Stone Mining
16:34 Scale Barding Armor
Trooperone1
11:30 Feudal Age
15:42 Castle Age
14:01 Scale Barding Armor
13:59 Gold Mining
14:01 Double-Bit Axe
14:00 Horse Collar
14:40 Double-Bit Axe
15:44 Bloodlines
16:11 Scale Barding Armor
16:08 Light Cavalry
18:11 Wheelbarrow
20:50 Forging
Fingon
11:33 Feudal Age
15:28 Castle Age
13:29 Double-Bit Axe
13:29 Horse Collar
16:34 Bow Saw
17:33 Loom
Connection lost

Rejoining the realm…

Still unreachable

The connection could not be restored.

Session expired

The server has moved on; the page needs a fresh start.